 Dungeon Crawl Stone Soup version 0.29-a0-925-g0a7a3d12f8 (webtiles) character file.

Game seed: 7314688526808743803

920 greasedhog the Shooter (level 8, -4/49 HPs)
             Began as a Gargoyle Hunter on July 30, 2022.
             Was a Follower of Okawaru.
             Slain by Edmund
             ... wielding a +1 vorpal dire flail
              (14 damage)
             ... on level 6 of the Dungeon.
             The game lasted 00:07:50 (5104 turns).

greasedhog the Shooter (Gargoyle Hunter)            Turns: 5104, Time: 00:07:50

Health: -4/49      AC: 11    Str: 14    XL:     8   Next: 10%
Magic:  7/9        EV: 14    Int: 11    God:    Okawaru [*.....]
Gold:   152        SH:  0    Dex: 15    Spells: 7/7 levels left

rFire   . . .      SeeInvis .   s - +0 great sword
rCold   . . .      Faith    .   (shield currently unavailable)
rNeg    + . .      Spirit   .   c - +0 leather armour
rPois   ∞          Reflect  .   (no helmet)
rElec   +          Harm     .   d - +0 cloak
rCorr   .          Rampage  .   (no gloves)
Will    .....                   (no boots)
Stlth   +++.......              (no amulet)
HPRegen 0.16/turn               (no ring)
MPRegen 0.11/turn               (no ring)

@: heroic
A: sickness immunity, AC +5, negative energy resistance 1, electricity
resistance, torment resistance 1, petrification resistance
a: Renounce Religion, Heroism


You were on level 6 of the Dungeon.
You worshipped Okawaru.
Okawaru was aware of your devotion.
You visited 2 branches of the dungeon, and saw 7 of its levels.

You collected 178 gold pieces.
You spent 26 gold pieces at shops.

Inventory:

Hand Weapons
 a - a +1 shortbow
 k - a +0 short sword
 s - a +0 great sword (weapon)
Missiles
 e - 22 poisoned darts
 u - 8 curare-tipped darts
Armour
 c - a +0 leather armour (worn)
 d - a +0 cloak (worn)
Jewellery
 w - an amulet of reflection
Wands
 z - a wand of digging (8)
Scrolls
 b - 3 scrolls of immolation
 f - 3 scrolls of poison
 n - a scroll of magic mapping
 p - a scroll of blinking
 r - a scroll of teleportation
 t - a scroll of acquirement {unknown}
 v - a scroll of summoning {unknown}
 y - a scroll of enchant weapon
Potions
 g - 2 potions of brilliance
 h - a potion of curing {unknown}
 i - 2 potions of resistance {unknown}
 j - 2 potions of lignification
 l - 2 potions of ambrosia {unknown}
 m - a potion of attraction {unknown}
 o - 2 potions of heal wounds
 q - a potion of might {unknown}
 x - 3 potions of degeneration {unknown}
 A - a potion of cancellation {unknown}
 B - a potion of magic {unknown}


   Skills:
 - Level 5.1(10.1) Fighting
 * Level 1.3(6.3) Long Blades
 * Level 7.3(12.3) Ranged Weapons
 * Level 4.4(9.4) Armour
 - Level 1.5(6.5) Dodging
 - Level 1.1(6.1) Stealth
 - Level 1.3 Invocations


You had 7 spell levels left.
You didn't know any spells.
Your spell library contained the following spells:

 Spells                   Type           Power      Damage    Failure   Level
 Magic Dart               Conj           0%         1d3       38%         1
 Slow                     Hex            0%         N/A       38%         1
 Confusing Touch          Hex            0%         N/A       77%         3
 Mephitic Cloud           Conj/Pois/Air  0%         N/A       77%         3
 Stone Arrow              Conj/Erth      0%         3d7       77%         3
 Vampiric Draining        Necr           0%         2d6       77%         3
 Lehudib's Crystal Spear  Conj/Erth      0%         10d2      100%        8
 Call Imp                 Summ           Unusable   N/A       N/A         2
 Animate Armour           Summ/Erth      Unusable   N/A       N/A         4

Dungeon Overview and Level Annotations

Branches:
Dungeon (6/15)             Temple (1/1) D:4

Altars:
Ashenzari
Cheibriados
Dithmenos
Elyvilon
Fedhas
Gozag
Hepliaklqana
Kikubaaqudgha
Nemelex Xobeh
Okawaru
Qazlal
Ru
Sif Muna
Trog
Uskayaw
Vehumet
Wu Jian
Xom
Yredelemnul
Zin
The Shining One

Shops:
D:3 *[

Annotations:
D:6 Edmund


Innate Abilities, Weirdness & Mutations

You are immune to sickness and miasma.
Your stone body is resilient. (AC +5)
You are immune to poison.
You resist negative energy. (rN+)
You are resistant to electric shocks. (rElec)
You are resistant to unholy torment.
You are immune to petrification.


Message History

The orc attacks as you move away! The orc hits you but does no damage.
You hit the orc.
The orc is severely wounded.
The orc hits you but does no damage.
You barely miss the orc.
The orc is severely wounded.
The orc misses you.
You barely miss the orc.
The orc is severely wounded.
The orc hits you but does no damage. The orc hits you with a +0 mace.
You slash the orc!
You kill the orc!
Okawaru accepts your kill.
You barely miss Edmund.
Edmund is lightly wounded.
Edmund closely misses you.
Edmund hits you with a +1 vorpal dire flail.
You hit Edmund.
Edmund is moderately wounded.
Edmund hits you but does no damage.
You slice Edmund!!
Edmund is severely wounded.
Edmund hits you but does no damage.
You barely miss Edmund.
Edmund is severely wounded.
You feel like a meek peon again. Edmund barely misses you.
Edmund hits you with a +1 vorpal dire flail.
You barely miss Edmund.
Edmund is severely wounded.
Edmund hits you with a +1 vorpal dire flail.
You closely miss Edmund.
Edmund is severely wounded.
Edmund barely misses you.
Edmund hits you with a +1 vorpal dire flail!
* * * LOW HITPOINT WARNING * * *
x2 You hear a distant slurping noise.
You gain the combat prowess of a mighty hero.
Edmund hits you with a +1 vorpal dire flail!
You die...

##...# #..8!
#...[ ###...
....#####..
#........#
#........#
#@#.###.##
#@#.# #
#.#.#
#.#.####.#.#
#........#.#
#.#.....##.#
#####.# !#
#.# #.# #.#


You could see Edmund.

Vanquished Creatures
  A water moccasin (D:4)
  A black bear (D:5)
  An ice beast (D:5)
  A centaur (D:5)
  A phantom (D:5)
  2 kobold brigands (D:5)
  A scorpion (D:5)
  3 hounds
  A jelly (D:6)
  An iguana (D:5)
  An orc wizard (D:5)
  2 adders
  An ufetubus (D:4)
  2 worms
  4 dart slugs (D:3)
  4 orcs
  6 bats
  6 endoplasms
  A giant cockroach (D:3)
  6 goblins
  3 hobgoblins
  10 kobolds
  A quokka (D:1)
  5 ball pythons
  4 frilled lizards
  3 rats
72 creatures vanquished.

Vanquished Creatures (others)
  An orc wizard (D:5)
  2 plants (D:3)
3 creatures vanquished.

Grand Total: 75 creatures vanquished

Notes
Turn   | Place    | Note
-------+----------+-------------------------------------------
     0 | D:1      | greasedhog the Gargoyle Hunter began the quest for the Orb.
     0 | D:1      | Reached XP level 1. HP: 12/12 MP: 1/1
   146 | D:1      | Reached XP level 2. HP: 18/18 MP: 2/2
   798 | D:2      | Reached XP level 3. HP: 23/23 MP: 3/3
   869 | D:2      | Found a faded altar of an unknown god.
  1554 | D:3      | Found a glowing golden altar of the Shining One.
  1655 | D:3      | Found Aborgh's Armour Shoppe.
  1754 | D:3      | Found Qeodusos's General Store.
  1762 | D:3      | Bought a scroll of identify for 26 gold pieces
  1835 | D:3      | Found a basalt altar of Yredelemnul.
  1837 | D:3      | Found an ancient bone altar of Kikubaaqudgha.
  1838 | D:3      | Found a bloodstained altar of Trog.
  1882 | D:3      | Reached XP level 4. HP: 28/28 MP: 4/4
  2378 | D:4      | Found a staircase to the Ecumenical Temple.
  2393 | Temple   | Entered the Ecumenical Temple
  2577 | Temple   | Became a worshipper of Warmaster Okawaru
  2817 | D:4      | Reached skill level 5 in Ranged Weapons
  3147 | D:4      | Reached XP level 5. HP: 33/33 MP: 5/5
  3465 | D:5      | Entered Level 5 of the Dungeon
  3465 | D:5      | Noticed an ice beast
  3486 | D:5      | Noticed a water moccasin
  3499 | D:4      | Killed a water moccasin
  3500 | D:4      | Reached XP level 6. HP: 22/40 MP: 6/6
  3708 | D:5      | Reached skill level 5 in Fighting
  3805 | D:5      | Reached skill level 6 in Ranged Weapons
  3818 | D:5      | Reached skill level 1 in Armour
  3833 | D:5      | Noticed a black bear
  3841 | D:5      | Killed a black bear
  3841 | D:5      | Reached * piety under Okawaru
  3842 | D:5      | Reached XP level 7. HP: 43/44 MP: 7/7
  4342 | D:5      | Reached skill level 7 in Ranged Weapons
  4342 | D:5      | Reached skill level 1 in Invocations
  4463 | D:5      | Found a large runed translucent door.
  4463 | D:5      | Found a large runed translucent door.
  4471 | D:5      | Found a shimmering altar of Xom.
  4986 | D:5      | Reached skill level 1 in Long Blades
  4986 | D:5      | Reached XP level 8. HP: 42/49 MP: 9/9
  5086 | D:6      | Noticed Edmund
  5104 | D:6      | Slain by Edmund

Illustrated notes

Levels and vault maps discovered:
D:1:      lemuel_arrival_room, layout_basic
D:2:      layout_basic, shapermc_ecumenical_altar_mp_urbaneastern
D:3:      layout_loops_cross, tso_metal_star,
          gammafunk_temple_overflow_forgotten, serial_shops, shop,
          nicolae_shop_advertising_works [nicolae_subvault_shop_adworks]
D:4:      layout_basic, minmay_temple_entry_statues_fountains, hex_large
D:5:      due_chaos_kobolds, layout_rooms, grunt_decor_fettered
D:6:      layout_basic, makhleb_blood_cavern_becter,
          minmay_misc_feat_more_columns, mrwooster_statue_mirror,
          serial_bayou_lagoon_a, uniq_edmund
Temple:   nicolae_temple_bog_church

Skill      XL: |  1  2  3  4  5  6  7 |
---------------+----------------------+-----
Fighting       | 3 4 5 |  5.1
Ranged Weapons | 5 6 7 |  7.3
Armour         | 2 4 |  4.4
Invocations    | 1 |  1.3
Long Blades    | 1 |  1.3
Dodging        | |  1.5
Stealth        | |  1.1

Action                   |  1- 3 |  4- 6 |  7- 9 || total
-------------------------+-------+-------+-------++-------
Melee: Great sword       |       |    11 |    51 ||    62
 Fire: Shortbow          |    84 |    65 |    53 ||   202
Invok: Heroism           |       |       |     5 ||     5
  Use: Scroll            |     5 |     1 |     2 ||     8
       Potion            |       |     1 |     1 ||     2
Armor: Leather armour    |    13 |    20 |    35 ||    68
       Skin              |       |     4 |       ||     4
Dodge: Dodged            |    17 |    25 |    41 ||    83

Table legend: (Time is in decaauts)
 A = Elapsed time spent in this place.
 B = Non-inter-level travel time spent in this place.
 C = Inter-level travel time spent in this place.
 D = Time resting spent in this place.
 E = Time spent auto-exploring this place.
 F = Levels seen in this place.
 G = Mean time per level.
                   A        B        C        D        E       F      G
               +--------+--------+--------+--------+--------+-----+--------+
         Total |   5195 |   4982 |    213 |    644 |   3671 |   7 |  742.1 |
       Dungeon |   4969 |   4810 |    159 |    644 |   3515 |   6 |  828.2 |
        Temple |    225 |    172 |     53 |      0 |    156 |   1 |  225.0 |
               +--------+--------+--------+--------+--------+-----+--------+

Top non-repeatable levels by time:
     D:5: 1386 daAuts
     D:4: 1241 daAuts
     D:2: 908 daAuts
     D:3: 702 daAuts
     D:1: 661 daAuts
  Temple: 225 daAuts
     D:6: 69 daAuts
